 Dungeon Crawl Stone Soup version 0.29.0-4-gdea44cf6ec (webtiles) character file.

Game seed: 10111821764872339190

84 qw the Chopper (level 4, -5/26 HPs)
             Began as a Tengu Warper on Aug 28, 2022.
             Killed by divine providence
             ... invoked by an orc priest
              (12 damage)
             ... on level 3 of the Dungeon.
             The game lasted 00:00:11 (2649 turns).

qw the Chopper (Tengu Warper)                       Turns: 2649, Time: 00:00:12

Health: -5/26      AC: 11    Str: 13    XL:     4   Next: 45%
Magic:  8/8        EV:  3    Int: 14    God:
Gold:   121        SH:  0    Dex: 13    Spells: 7/7 levels left

rFire   . . .      SeeInvis .   Y - +2 hand axe
rCold   . . .      Faith    .   (no shield)
rNeg    . . .      Spirit   .   e - +0 plate armour
rPois   .          Reflect  .   c - +1 hat
rElec   .          Harm     .   (no cloak)
rCorr   .          Rampage  .   (no gloves)
Will    .....                   (boots unavailable)
Stlth   ..........              (no amulet)
HPRegen 0.08/turn               (no ring)
MPRegen 0.11/turn               (no ring)

@: no status effects
A: beak, talons 3
a: no special abilities


You were on level 3 of the Dungeon.
You visited 1 branch of the dungeon, and saw 3 of its levels.

You collected 121 gold pieces.


Innate Abilities, Weirdness & Mutations

You have a beak for a mouth.
You have claws for feet.


   Skills:
 - Level 2.0 Fighting
 - Level 4.8 Axes
 - Level 1.0 Throwing
 + Level 1.6 Armour
 - Level 2.1 Dodging
 - Level 2.0 Spellcasting
 - Level 2.4 Translocations


You had 7 spell levels left.
You didn't know any spells.
Your spell library contained the following spells:

 Spells                   Type           Power      Damage    Failure   Level
 Blink                    Tloc           16%        N/A       100%        2
 Gell's Gravitas          Tloc           8%         N/A       100%        3
 Lesser Beckoning         Tloc           8%         N/A       100%        3
 Teleport Other           Tloc           8%         N/A       100%        3
 Manifold Assault         Tloc           8%         N/A       100%        5

Inventory:

Hand Weapons
 d - a +0 club
 Y - a +2 hand axe (weapon)
Armour
 c - a +1 hat (worn)
 e - a +0 plate armour (worn)
Potions
 b - a potion of magic {unknown}
 f - a potion of resistance
 i - a potion of brilliance {unknown}
 j - a potion of cancellation {unknown}
 l - a potion of curing

Dungeon Overview and Level Annotations

Branches:
Dungeon (3/15)

Altars:
Xom


Message History

You slash the orc!
You kill the orc!
The orc priest hits you from afar with a +0 trident.
Things that are here:
a +0 club; a +0 leather armour; an orc corpse You hit the orc priest.
Your kick misses the orc priest. Your peck misses the orc priest.
The orc priest is moderately wounded.
You barely miss the orc priest.
The orc priest hits you but does no damage. x2
You completely miss the orc priest. You claw the orc priest.
You peck the orc priest.
The orc priest is heavily wounded.
You closely miss the orc priest.
The orc priest hits you with a +0 trident.
The orc priest hits you with a +0 club.
You hit the orc priest. Your kick misses the orc priest.
The orc priest is severely wounded.
You closely miss the orc priest.
The orc priest calls upon Beogh to heal the orc priest.
The orc priest is healed somewhat.
The orc priest hits you but does no damage.
You hit the orc priest.
You claw the orc priest, but do no damage.
The orc priest is heavily wounded.
You barely miss the orc priest.
The orc priest hits you but does no damage.
The orc priest hits you with a +0 club.
You slash the orc priest!
The orc priest is almost dead.
You closely miss the orc priest.
The orc priest hits you with a +0 trident.
The orc priest invokes the aid of Beogh against you.
Beogh smites you!
You closely miss the orc priest. You claw the orc priest.
The orc priest is almost dead.
You hit the orc priest.
The orc priest calls down the wrath of Beogh upon you.
Beogh smites you!
You die...

.#######..##
........#..# .#
#######.##.### .#
#.##...## .#
#.####..# .# #.##
##.# .# #.... #.#
o# #.....#.###o#
#.........@o#
##....#.......#
#....#######.....
#... ###. #...
#.. ###


You could see 2 orc priests and an orc.

Vanquished Creatures
  An iguana (D:2)
  An adder (D:3)
  A worm (D:2)
  A dart slug (D:2)
  An orc (D:3)
  A ball python (D:1)
  6 endoplasms
  A giant cockroach (D:1)
  3 goblins
  5 hobgoblins
  2 quokkas (D:1)
  6 bats
  2 frilled lizards (D:2)
  4 kobolds
  5 rats
40 creatures vanquished.

Notes
Turn   | Place    | Note
-------+----------+-------------------------------------------
     0 | D:1      | qw the Tengu Warper began the quest for the Orb.
     0 | D:1      | Reached XP level 1. HP: 12/12 MP: 4/4
     0 | D:1      | 0 ||| qw: Version: 0.1-a-89-g26bdef1
     0 | D:1      | 0 ||| qw: Game counter: 3024
     0 | D:1      | 0 ||| qw: Always use a shield: true
     0 | D:1      | 0 ||| qw: God list: Okawaru
     0 | D:1      | 0 ||| qw: Allow faded altars: false
     0 | D:1      | 0 ||| qw: Do Orc after D:15 true
     0 | D:1      | 0 ||| qw: Do second Lair branch before Depths: true
     0 | D:1      | 0 ||| qw: Lair rune preference: random
     0 | D:1      | 0 ||| qw: Plans: Normal
     0 | D:1      | 0 ||| PLANNING D:1-11
    63 | D:1      | 63 ||| Stepping ~*~*~tactically~*~*~ (stealth).
   197 | D:1      | Reached skill level 3 in Axes
   197 | D:1      | Reached XP level 2. HP: 17/17 MP: 6/6
   890 | D:1      | Found a faded altar of an unknown god.
  1408 | D:1      | 1408 ||| UPGRADING to +0 ring mail.
  1418 | D:1      | 1418 ||| DROPPING +0 leather armour.
  1419 | D:1      | 1419 ||| READING scroll labelled FOTSUE KIRCHAOLA.
  1420 | D:1      | 1420 ||| READING scroll labelled ZENA DAACUCH.
  1421 | D:1      | 1421 ||| READING 2 scrolls labelled OKKORE GUSARO.
  1422 | D:1      | 1422 ||| READING scroll of enchant weapon.
  1422 | D:1      | 1422 ||| ENCHANTING +1 hand axe.
  1423 | D:1      | 1423 ||| READING scroll labelled IPRAPR QOSAOPA.
  1424 | D:1      | 1424 ||| DRINKING 2 green potions.
  1425 | D:1      | 1425 ||| DROPPING scroll of blinking.
  1572 | D:2      | Reached XP level 3. HP: 21/21 MP: 7/7
  1602 | D:2      | Found a shimmering altar of Xom.
  1782 | D:2      | Reached skill level 4 in Axes
  1907 | D:2      | 1907 ||| Stepping ~*~*~tactically~*~*~ (stealth).
  1909 | D:2      | 1909 ||| Stepping ~*~*~tactically~*~*~ (stealth).
  1910 | D:2      | 1910 ||| Stepping ~*~*~tactically~*~*~ (stealth).
  1967 | D:2      | 1967 ||| Stepping ~*~*~tactically~*~*~ (stealth).
  1968 | D:2      | 1968 ||| Stepping ~*~*~tactically~*~*~ (stealth).
  1969 | D:2      | 1969 ||| Stepping ~*~*~tactically~*~*~ (stealth).
  1980 | D:2      | 1980 ||| Stepping ~*~*~tactically~*~*~ (stealth).
  2000 | D:2      | Reached XP level 4. HP: 11/26 MP: 8/8
  2024 | D:2      | 2024 ||| FLEEEEING.
  2036 | D:2      | 2036 ||| FLEEEEING.
  2534 | D:2      | 2534 ||| UPGRADING to +1 hat.
  2539 | D:2      | 2539 ||| UPGRADING to +0 plate armour.
  2549 | D:2      | 2549 ||| DROPPING +0 ring mail.
  2550 | D:2      | 2550 ||| READING scroll labelled FOVALA OREIC ZAE.
  2638 | D:3      | 2638 ||| Stepping ~*~*~tactically~*~*~ (hiding).
  2649 | D:3      | Killed from afar by an orc priest

Levels and vault maps discovered:
D:1:      dpeg_arrival_long_road, layout_basic,
          ebering_ecumenical_altar_petrified, kennysheep_pointless_box,
          grunt_decor_arrowhead
D:2:      layout_basic, basic_altar, minmay_misc_feat_room
D:3:      layout_basic

Skill      XL: |  1  2  3 |
---------------+----------+-----
Axes           | 3 4 |  4.8
Fighting       | |  2.0
Throwing       | |  1.0
Armour         | |  1.6
Dodging        | |  2.1
Spellcasting   | |  2.0
Translocations | |  2.4

Action                   |  1- 3 |  4- 6 || total
-------------------------+-------+-------++-------
Melee: Hand axe          |    81 |    16 ||    97
       Peck              |    13 |     2 ||    15
       Kick              |    13 |     5 ||    18
Throw: Boomerang         |     7 |       ||     7
  Use: Scroll            |     5 |     1 ||     6
       Potion            |     1 |       ||     1
Armor: Leather armour    |    11 |       ||    11
       Ring mail         |     5 |     2 ||     7
       Plate armour      |       |     5 ||     5
Dodge: Dodged            |    36 |     3 ||    39

Table legend:
 A = Non-vault XP
 B = Vault XP
 C = Vault XP percentage of total XP
 D = Non-vault monster count
 E = Vault monster count
 F = Vault count percentage of total count
                 A         B        C        D         E       F
            +---------+---------+-------+---------+---------+-------
      Total |     120 |       0 |   0.0 |      40 |       0 |   0.0
            +---------+---------+-------+---------+---------+-------
        D:1 |      30 |       0 |   0.0 |      20 |       0 |   0.0
        D:2 |      71 |       0 |   0.0 |      17 |       0 |   0.0
        D:3 |      19 |       0 |   0.0 |       3 |       0 |   0.0
            +---------+---------+-------+---------+---------+-------
